 Dungeon Crawl Stone Soup version 0.24.1-4-ge52af88ad5 (webtiles) character file.

Game seed: 10455175888675217484, levelgen mode: deterministic

76428 Heliosone the Unseen (level 15, -6/80 HPs)
             Began as a Spriggan Enchanter on Apr 11, 2020.
             Was an Initiate of Gozag.
             Mangled by an eight-headed hydra (16 damage)
             ... on level 1 of the Swamp on Apr 12, 2020.
             The game lasted 02:04:10 (38864 turns).

Heliosone the Unseen (Spriggan Enchanter)          Turns: 38864, Time: 02:04:16

Health: -6/80      AC:  5    Str:  4    XL:     15   Next: 12%
Magic:  22/28      EV: 32    Int: 24    God:    Gozag
Gold:   3225       SH:  3    Dex: 20    Spells: 6/30 levels left

rFire    . . .     SeeInvis +   i - +0 short sword of Profit {elec, Int+4} (curse)
rCold    . . .     Gourm    .   (shield restricted)
rNeg     . . .     Faith    .   b - +0 robe
rPois    +         Spirit   .   (helmet restricted)
rElec    .         Reflect  +   F - +2 cloak {rPois}
rCorr    .         Harm     .   (gloves unavailable)
MR       +++..                  (boots unavailable)
Stlth    ++++++....             D - +3 amulet of reflection
HPRegen  0.23/turn              J - ring of poison resistance
MPRegen  0.21/turn              A - ring of protection from magic

@: gold aura, very slightly contaminated, studying Transmutations, very quick
A: very small, unfitting armour, see invisible, herbivore, speed 3, slow
metabolism 2
a: Potion Petition, Call Merchant, Bribe Branch, Renounce Religion


You were on level 1 of the Swamp.
You worshipped Gozag.
Gozag was most pleased with you.
You were near starving.

You visited 5 branches of the dungeon, and saw 21 of its levels.

You collected 6718 gold pieces.
You spent 1874 gold pieces at shops.
You paid 1619 gold pieces to Gozag.

Inventory:

Hand Weapons
 i - the cursed +0 short sword of Profit (weapon) {elec, Int+4}
   (You bought it in a shop on level 2 of the Orcish Mines)

   Occasionally, upon striking a foe, it will discharge some electrical energy
   and cause terrible harm.
   It affects your intelligence (+4).
   It has a curse placed upon it.
 L - a +3 short sword of venom
Missiles
 H - 10 silver boomerangs (quivered)
 M - 3 throwing nets
Armour
 b - a +0 robe (worn)
 F - a +2 cloak of poison resistance (worn)
 Q - a +0 buckler
Jewellery
 l - an uncursed amulet of magic regeneration {unknown}
 A - a ring of protection from magic (right hand)
 D - a +3 amulet of reflection (around neck)
 J - a ring of poison resistance (left hand)
Wands
 o - a wand of flame (4)
 G - a wand of enslavement (9)
Scrolls
 a - a scroll of holy word {unknown}
 e - 3 scrolls of magic mapping
 f - 9 scrolls of teleportation
 g - a scroll of fog
 j - 9 scrolls of remove curse
 p - a scroll of brand weapon {unknown}
 s - a scroll of silence {unknown}
 v - 2 scrolls of blinking
 O - a scroll of random uselessness {unknown}
Potions
 c - 9 potions of curing {unknown}
 h - 3 potions of heal wounds {unknown}
 k - 4 potions of flight
 m - a potion of haste {unknown}
 q - a potion of ambrosia {unknown}
 C - 2 potions of might {unknown}
 I - a potion of degeneration {unknown}
Books
 y - a manual of Transmutations
Miscellaneous
 n - a crystal ball of energy
Comestibles
 d - 4 rations


   Skills:
 - Level 10.0 Fighting
 - Level 10.0 Short Blades
 - Level 15.0 Dodging
 - Level 15.0 Stealth
 + Level 4.5 Shields
 - Level 8.0 Spellcasting
 - Level 12.0 Hexes
 - Level 10.5 Summonings


You had 6 spell levels left.
You knew the following spells:

 Your Spells              Type           Power        Failure   Level  Hunger
a - Corona                Hex            ######.      1%          1    None
b - Ensorcelled Hibernat  Hex/Ice        #####.       1%          2    None
c - Confuse               Hex            ######..     1%          3    None
d - Dazzling Spray        Conj/Hex       #####.       1%          3    None
e - Invisibility          Hex            ######..     7%          6    ######.
f - Blink                 Tloc           N/A          10%         2    None
g - Call Imp              Summ           ######..     1%          2    None
h - Summon Mana Viper     Hex/Summ       ######..     1%          5    #####..

Your spell library contained the following spells:

 Spells                   Type           Power        Failure   Level  Hunger
 Confusing Touch          Hex            ######       1%          1    None
 Summon Small Mammal      Summ           ####         1%          1    None
 Slow                     Hex            ######..     1%          2    None
 Call Canine Familiar     Summ           ######..     1%          3    None
 Inner Flame              Hex/Fire       #####...     1%          3    None
 Portal Projectile        Hex/Tloc       #####.       1%          3    None
 Summon Guardian Golem    Hex/Summ       ######..     1%          3    None
 Tukima's Dance           Hex            ######..     1%          3    None
 Cause Fear               Hex            ######....   1%          4    ##.....
 Fulminant Prism          Conj/Hex       #####.....   5%          4    ##.....
 Leda's Liquefaction      Hex/Erth       #####.....   5%          4    ##.....
 Magic Dart               Conj           #...         6%          1    None
 Shock                    Conj/Air       #...         6%          1    None
 Darkness                 Hex            ######....   7%          6    ######.
 Summon Ice Beast         Ice/Summ       ####....     8%          4    ##.....
 Summon Lightning Spire   Summ/Air       ####....     8%          4    ##.....
 Passwall                 Tmut/Erth      #.......     10%         2    None
 Poisonous Vapours        Pois/Air       #.....       10%         2    None
 Searing Ray              Conj           #.....       10%         2    None
 Swiftness                Chrm/Air       #.......     10%         2    None
 Throw Frost              Conj/Ice       #.....       10%         2    None
 Metabolic Englaciation   Hex/Ice        #####.....   16%         5    #####..
 Yara's Violent Unravell  Hex/Tmut       #####.....   16%         5    #####..
 Conjure Flame            Conj/Fire      #.......     19%         3    None
 Gell's Gravitas          Tloc           #.........   19%         3    None
 Lesser Beckoning         Tloc           #.........   19%         3    None
 Mephitic Cloud           Conj/Pois/Air  #.......     19%         3    None
 Stone Arrow              Conj/Erth      #.....       19%         3    None
 Force Lance              Conj/Tloc      #.......     54%         4    ##.....
 Iskenderun's Mystic Bla  Conj           #.......     54%         4    ##.....
 Passage of Golubria      Tloc           N/A          54%         4    ##.....
 Petrify                  Tmut/Erth      #.......     54%         4    ##.....
 Irradiate                Conj/Tmut      #.........   87%         5    #####..
 Lee's Rapid Deconstruct  Erth           #.........   87%         5    #####..
 Freezing Cloud           Conj/Ice/Air   #.........   100%        6    ######.
 Hydra Form               Tmut           #.........   100%        6    ######.
 Statue Form              Tmut/Erth      #........    100%        6    ######.
 Spellforged Servitor     Conj/Summ      ####......   99%         7    #######
 Dragon Form              Tmut           #.........   100%        7    #######
 Ring of Flames           Chrm/Fire      #.........   100%        7    #######


Dungeon Overview and Level Annotations

Branches:
Dungeon (11/15)            Temple (1/1) D:6            Lair (6/6) D:11
  Swamp (1/4) Lair:2       Spider (0/4) Lair:3        Slime (0/5) Lair:6
    Orc (2/2) D:11            Elf (0/3) Orc:2

Altars:
Ashenzari
Cheibriados
Dithmenos
Elyvilon
Fedhas
Gozag
Hepliaklqana
Kikubaaqudgha
Makhleb
Nemelex Xobeh
Okawaru
Qazlal
Ru
Sif Muna
Trog
Uskayaw
Vehumet
Wu Jian
Xom
Yredelemnul
Zin
The Shining One
Jiyva

Shops:
D:8 }:   D:10 }   Orc:2 =%((:=(

Portals:
Trove: D:11 (give +4 ice dragon scales)

Annotations:
D:2 Sigmund
D:10 2 transporters, brob1's ghost, novice DDFi
Lair:1 3 runed translucent doors, 4FPSwarrior's ghost, journeyman DgFi


Innate Abilities, Weirdness & Mutations

You are very small and have problems with some larger weapons.
You are too small for most types of armour.
You have supernaturally acute eyesight. (SInv)
You are a herbivore.
You cover ground extremely quickly.
You need to consume almost no food.


Message History

The eight-headed hydra closely misses you.
The eight-headed hydra barely misses you.
The eight-headed hydra completely misses you.
The eight-headed hydra misses you. x2
The four-headed hydra closely misses you.
The four-headed hydra completely misses you.
The four-headed hydra closely misses you.
The four-headed hydra bites you!
* * * LOW HITPOINT WARNING * * *
The swamp dragon becomes distracted by the nearby gold, dreaming of imaginary riches.
You flicker back into view.
The swamp dragon roars deafeningly!
The eight-headed hydra roars!
The four-headed hydra roars!
You hear a roar!
The eight-headed hydra bites you!
* * * LOW HITPOINT WARNING * * *
The eight-headed hydra completely misses you.
You block the eight-headed hydra's attack.
The eight-headed hydra bites you!
You die...
Your body crumbles into a pile of gold.

♣...≈≈.♣.§≈.....
♣♣≈......≈≈≈....
♣♣≈....≈≈≈≈..♣♣ ♣♣♣♣♣
♣≈≈..§≈≈...♣♣ ♣♣♣...♣
♣♣♣.≈≈≈≈....
♣♣...§≈♣♣♣♣.≈≈≈≈≈..≈
♣..≈.≈.♣≈...≈≈≈≈≈≈≈≈
♣♣♣♣...≈..≈..♣≈≈≈≈.≈≈≈.
♣♣.♣≈.≈.♣≈@.≈≈≈♣≈≈≈!.§≈=
♣...♣..≈≈D######≈≈.....≈
♣♣....DD≈## .. #♣≈..≈≈≈.
♣♣≈..§≈♣##≈.D≈ #≈≈≈≈≈.
♣§.≈.≈DD#≈≈D# ≈..≈≈
♣♣.≈≈≈.....≈# ...
♣♣.≈..≈....♣#
♣≈..≈.♣D≈.≈≈#
♣♣.$≈≈≈≈##♣♣.≈


You could see an eight-headed hydra, a four-headed hydra and a swamp dragon.

Vanquished Creatures
  Saint Roka (Orc:2)
  An orc warlord (Orc:1)
  Harold (D:8)
  12 hydras
  4 two-headed ogres
  A death yak (Lair:2)
  An alligator (Swamp:1)
  3 orc high priests (Orc:2)
  A swamp dragon (Swamp:1)
  5 orc sorcerers
  7 orc knights
  An oklob plant (Orc:2)
  An ugly thing (D:11)
  A cyclops (D:11)
  7 elephants
  A manticore (D:11)
  Maurice (D:8)
  4 black mambas
  2 gargoyles (D:11)
  24 spiny frogs
  A torpor snail (Lair:2)
  A rime drake (Lair:6)
  A tengu conjurer (D:11)
  12 komodo dragons
  2 jumping spiders (Lair:3)
  8 trolls
  A queen bee (Lair:2)
  5 polar bears
  6 tyrant leeches
  4 hippogriffs
  A hornet (D:8)
  A bog body (Swamp:1)
  8 slime creatures (Swamp:1)
  Prince Ribbit (Lair:1)
  26 blink frogs
  24 yaks
  Grum (D:8)
  3 basilisks
  6 vampire mosquitoes (Lair:6)
  7 wargs
  9 water moccasins
  4 porcupines
  2 swamp drakes (Swamp:1)
  38 orc warriors
  2 ice beasts
  3 sky beasts
  3 phantoms
  9 black bears
  A necrophage (D:11)
  3 centaurs
  12 wolves
  10 ogres
  6 crocodiles
  A big kobold (D:10)
  25 bullfrogs
  3 gnoll sergeants
  Blork the orc (D:5)
  A wyvern zombie (D:6)
  2 scorpions
  25 killer bees
  3 wights (D:10)
  3 howler monkeys
  6 electric eels
  2 crimson imps
  A quasit (D:11)
  A bullfrog zombie (D:5)
  A centaur skeleton (D:5)
  5 centaur zombies
  16 hounds
  10 jellies
  Crazy Yiuf (D:3)
  2 gnoll shamans
  18 orc priests
  2 bullfrog skeletons
  3 iguanas
  Terence (D:3)
  25 orc wizards
  6 worker ants
  A killer bee zombie (D:5)
  2 hound zombies
  A hound skeleton (D:7)
  A howler monkey zombie (D:5)
  Robin (D:4)
  A worker ant zombie (D:5)
  10 gnolls
  11 adders
  4 shadow imps
  7 oozes
  An adder skeleton (D:8)
  2 adder zombies (D:5)
  2 worms
  2 dart slugs (D:4)
  A leopard gecko (D:1)
  66 orcs
  3 giant cockroaches
  22 goblins
  10 hobgoblins
  4 jackals
  22 kobolds
  6 quokkas
  A ball python zombie (D:5)
  15 bats
  5 frilled lizards
  A giant cockroach zombie (D:5)
  A jackal zombie (D:5)
  A leopard gecko skeleton (D:8)
  2 leopard gecko zombies (D:5)
  4 quokka skeletons
  7 rats
681 creatures vanquished.

Vanquished Creatures (collateral kills)
  Roxanne (Swamp:1)
1 creature vanquished.

Vanquished Creatures (others)
  A warg (Orc:1)
  2 bushes (Lair:6)
  14 fungi
  54 plants
  2 withered plants (D:5)
73 creatures vanquished.

Grand Total: 755 creatures vanquished

Notes
Turn   | Place    | Note
-------+----------+-------------------------------------------
     0 | D:1      | Heliosone the Spriggan Enchanter began the quest for the
                  | Orb.
     0 | D:1      | Reached XP level 1. HP: 9/9 MP: 5/5
   169 | D:1      | Reached XP level 2. HP: 13/13 MP: 6/6
   207 | D:1      | Reached skill level 5 in Stealth
   309 | D:1      | Learned a level 2 spell: Ensorcelled Hibernation
   974 | D:1      | Reached XP level 3. HP: 16/16 MP: 8/8
  1106 | D:2      | Found a stormy altar of Qazlal.
  1109 | D:2      | Found a blossoming altar of Fedhas.
  1192 | D:2      | Found an ancient bone altar of Kikubaaqudgha.
  1199 | D:2      | Found a shimmering blue altar of Sif Muna.
  1199 | D:2      | Found a burning altar of Makhleb.
  1343 | D:2      | Noticed Sigmund
  1470 | D:2      | Learned a level 3 spell: Confuse
  2212 | D:3      | Found a snail-covered altar of Cheibriados.
  2361 | D:3      | Reached XP level 4. HP: 21/21 MP: 6/9
  2718 | D:3      | Noticed Terence
  2729 | D:3      | Killed Terence
  3280 | D:3      | Reached XP level 5. HP: 24/24 MP: 6/10
  3429 | D:3      | Found a runed translucent door.
  3430 | D:3      | Noticed Crazy Yiuf
  4158 | D:3      | Killed Crazy Yiuf
  4287 | D:4      | Reached XP level 6. HP: 22/28 MP: 0/11
  4385 | D:4      | Learned a level 3 spell: Dazzling Spray
  4511 | D:4      | Noticed Robin
  4703 | D:4      | Killed Robin
  5147 | D:4      | Found a hazy altar of Hepliaklqana.
  5336 | D:5      | Entered Level 5 of the Dungeon
  5751 | D:5      | Noticed Blork the orc
  5831 | D:5      | Killed Blork the orc
  5897 | D:5      | Reached skill level 5 in Hexes
  6222 | D:5      | Reached XP level 7. HP: 32/32 MP: 3/14
  7901 | D:6      | Reached skill level 1 in Fighting
  7901 | D:6      | Reached XP level 8. HP: 37/37 MP: 15/15
  8030 | D:6      | Reached skill level 5 in Dodging
  8457 | D:6      | Found a hide-covered altar of Uskayaw.
  8482 | D:6      | Found an opulent altar of Gozag.
  8908 | D:6      | Found a staircase to the Ecumenical Temple.
  8914 | Temple   | Entered the Ecumenical Temple
  9176 | D:6      | Reached skill level 5 in Short Blades
  9189 | D:6      | Became a worshipper of Gozag Ym Sagoz the Greedy
  9513 | D:5      | Upgraded the game from 0.24.1-1-gd1d2a07e1b to
                  | 0.24.1-4-ge52af88ad5
  9587 | D:5      | Reached XP level 9. HP: 38/44 MP: 0/16
 10602 | D:6      | Reached skill level 10 in Stealth
 12496 | D:8      | Noticed a two-headed ogre
 12497 | D:8      | Killed a two-headed ogre
 12497 | D:8      | Reached skill level 5 in Spellcasting
 12497 | D:8      | Reached XP level 10. HP: 49/49 MP: 16/18
 12564 | D:8      | Found Ededdoreo's Book Emporium.
 12596 | D:8      | Noticed Grum
 12911 | D:8      | Killed Grum
 13126 | D:8      | Noticed Maurice
 13128 | D:8      | Killed Maurice
 13128 | D:8      | Reached skill level 5 in Fighting
 13356 | D:8      | Found Ziskuck's Gadget Shop.
 13432 | D:8      | Noticed Harold
 13530 | D:8      | Found an iron altar of Okawaru.
 14031 | D:8      | Killed Harold
 14146 | D:8      | Bought a book of Burglary for 900 gold pieces
 14153 | D:8      | Learned a level 6 spell: Invisibility
 14512 | D:9      | Found a radiant altar of Vehumet.
 14642 | D:9      | Found a sparkling altar of Nemelex Xobeh.
 14699 | D:10     | Entered Level 10 of the Dungeon
 15060 | D:10     | Found a transporter.
 15062 | D:10     | Found a transporter.
 15063 | D:10     | Noticed brob1's ghost (novice DDFi)
 15218 | D:10     | Noticed a two-headed ogre
 15327 | D:10     | Killed a two-headed ogre
 15708 | D:10     | Reached XP level 11. HP: 58/58 MP: 17/21
 15911 | D:10     | Found Qankafyo's Gadget Emporium.
 16194 | D:9      | Noticed a two-headed ogre
 16211 | D:9      | Killed a two-headed ogre
 16211 | D:9      | Reached skill level 10 in Hexes
 16541 | D:11     | Noticed a white ugly thing
 16619 | D:11     | Reached skill level 10 in Short Blades
 16936 | D:11     | Noticed an orc knight
 16953 | D:11     | Killed an orc knight
 17302 | D:11     | Killed a white ugly thing
 18779 | D:11     | Found a staircase to the Lair.
 18887 | D:11     | Noticed a two-headed ogre
 18892 | D:11     | Killed a two-headed ogre
 19427 | D:11     | Found a portal to a secret trove of treasure.
 19755 | D:11     | Found a staircase to the Orcish Mines.
 20036 | Lair:1   | Entered Level 1 of the Lair of Beasts
 20096 | Lair:1   | Reached XP level 12. HP: 62/62 MP: 16/25
 20126 | Lair:1   | Reached skill level 10 in Dodging
 20413 | Lair:1   | Noticed Prince Ribbit
 20487 | Lair:1   | Killed Prince Ribbit
 20557 | Lair:1   | Found a runed translucent gate.
 20558 | Lair:1   | Found a runed translucent gate.
 20558 | Lair:1   | Found a runed translucent gate.
 20560 | Lair:1   | Noticed 4FPSwarrior's ghost (journeyman DgFi)
 20957 | Lair:1   | Learned a level 2 spell: Blink
 21475 | Lair:1   | Found a viscous altar of Jiyva.
 21476 | Lair:1   | Found the amulet of the Air {Inacc +Fly rElec EV+5 RMsl}
 21527 | Lair:2   | Noticed a seven-headed hydra
 21663 | Lair:2   | Found a staircase to the Swamp.
 21667 | Lair:2   | Noticed a death yak
 21698 | Lair:2   | Killed a death yak
 22156 | Lair:2   | Reached skill level 15 in Stealth
 22583 | Lair:2   | Killed a seven-headed hydra
 23584 | Lair:3   | Noticed a seven-headed hydra
 24085 | Lair:3   | Found a hole to the Spider Nest.
 24349 | Lair:3   | Reached skill level 15 in Dodging
 24365 | Lair:3   | Reached XP level 13. HP: 66/66 MP: 18/26
 27652 | Lair:6   | Entered Level 6 of the Lair of Beasts
 28025 | Lair:6   | Reached skill level 10 in Fighting
 28044 | Lair:6   | Reached skill level 1 in Shields
 28164 | Lair:6   | Learned a level 2 spell: Call Imp
 28185 | Lair:6   | Reached skill level 1 in Summonings
 29396 | Lair:6   | Reached XP level 14. HP: 77/77 MP: 16/27
 29669 | Lair:6   | Reached skill level 5 in Summonings
 30213 | Lair:6   | Found a staircase to the Slime Pits.
 31807 | D:11     | Identified 2 scrolls of acquirement
 31865 | Orc:1    | Entered Level 1 of the Orcish Mines
 32164 | Orc:1    | Noticed an orc warlord
 32324 | Orc:1    | Killed an orc warlord
 33440 | Orc:2    | Entered Level 2 of the Orcish Mines
 33472 | Orc:2    | Found Patzotei's Jewellery Shoppe.
 33583 | Orc:2    | Noticed Saint Roka
 34492 | Orc:2    | Found a staircase to the Elven Halls.
 35042 | Orc:2    | Killed Saint Roka
 35402 | Orc:2    | Found Ipoummea's Jewellery Boutique.
 36454 | Orc:2    | Reached skill level 10 in Summonings
 37097 | Orc:2    | Found Jeixteim's Antique Weapon Emporium.
 37102 | Orc:2    | Found Beer's Food Emporium.
 37117 | Orc:2    | Found Denoiw's Book Boutique.
 37216 | Orc:2    | Bought a book of Callings for 510 gold pieces
 37653 | Orc:2    | Bought an ivory short sword for 232 gold pieces
 37653 | Orc:2    | Identified the cursed +1 short sword of Destiny {flame,
                  | rPois MP+9} (You bought it in a shop on level 2 of the
                  | Orcish Mines)
 37706 | Orc:2    | Bought a shimmering short sword for 232 gold pieces
 37708 | Orc:2    | Identified the cursed +0 short sword of Profit {elec,
                  | Int+4} (You bought it in a shop on level 2 of the Orcish
                  | Mines)
 37721 | Orc:2    | Identified Dezimux's Disquisition on Earthen Orientation
                  | (You acquired it on level 2 of the Orcish Mines)
 37723 | Orc:2    | Identified Heliosone's Guide on Excruciating Bewitchment
                  | (You acquired it on level 2 of the Orcish Mines)
 37731 | Orc:2    | Learned a level 5 spell: Summon Mana Viper
 37996 | Swamp:1  | Entered Level 1 of the Swamp
 38046 | Swamp:1  | Noticed Roxanne
 38082 | Swamp:1  | Killed Roxanne
 38082 | Swamp:1  | Reached XP level 15. HP: 80/80 MP: 15/28
 38864 | Swamp:1  | Mangled by an eight-headed hydra

Levels and vault maps discovered:
D:1:      evilmike_arrival_fibonacci_small, layout_basic
D:2:      layout_loops_ring, grunt_temple_overflow_forces_of_nature, minitemple,
          minmay_tromino_v4_c, uniq_sigmund
D:3:      layout_basic, cheibriados_altar_1, uniq_terence,
          uniq_crazy_yiuf_cottage
D:4:      layout_basic, nicolae_overflow_crystal_walls, first_ration,
          serial_bayou_pond_e, uniq_robin
D:5:      layout_loops_ring, serial_undead, serial_undead_a, serial_undead_a,
          serial_undead_b, serial_undead_b, serial_undead_b, serial_undead_f,
          serial_undead_c, minmay_manual_moon, uniq_blork_the_orc
D:6:      kennysheep_housing_project, layout_basic,
          eat_drink_and_be_merry_uskayaw, lemuel_crystal_altar,
          minmay_temple_entry_proselytizer
D:7:      layout_cave_pools
D:8:      layout_loops_corners, okawaru_altar_gauntlet_db, serial_shops, shop,
          shop, uniq_grum, uniq_harold, uniq_maurice
D:9:      layout_basic, kennysheep_mini, kennysheep_mini_moat
D:10:     layout_basic, serial_shops, kennysheep_little_box,
          gammafunk_ghost_hive
D:11:     layout_basic, erik_lair_island, david_orc_4,
          nicolae_trove_entry_columns, grunt_tengu_nest, minmay_pinched_square
Temple:   dpeg_chambers_temple
Lair:1:   beast_lair_carwin_large_3, layout_long_grid, serial_forest,
          infiniplex_forest_lined_2, infiniplex_forest_lined_room_2,
          infiniplex_forest_zigzag_1, infiniplex_forest_end_3,
          infiniplex_forest_straight_4, infiniplex_forest_straight_2,
          gammafunk_ghost_ooze, serial_bayou_shore_a, grunt_megastairs_2,
          uniq_prince_ribbit2
Lair:2:   layout_hall_layers, swamp_mist_pool, special_room [special_room_bee],
          eino_small_chamber_without_monster
Lair:3:   layout_regular_city, spider_nest_entry_a, st_stairs_3
Lair:4:   layout_cave_pods
Lair:5:   layout_cave_pods, grunt_megastairs_4, infiniplex_staircase_pool,
          serial_bayou_shore_b
Lair:6:   minmay_lair_end_frog_pond, layout_gridlike,
          nicolae_slime_entry_slimehenge
Swamp:1:  layout_basic_swamp, evilmike_swamp_ruin_house_3, swamp_pool4,
          st_swamp_ruins_2, uniq_roxanne
Orc:1:    layout_diamond_mine
Orc:2:    st_orc_elflike, layout_caves, serial_shops, shop, mines3_lemuel,
          uniq_saint_roka

Skill      XL: |  1  2  3  4  5  6  7  8  9 10 11 12 13 14 15 |
---------------+----------------------------------------------+-----
Stealth        | 5 6 7 8 9 11 13 15 | 15.0
Short Blades   | 2 3 4 5 8 9 10 | 10.0
Spellcasting   | 4 5 6 8 |  8.0
Hexes          | 5 8 9 12 | 12.0
Fighting       | 1 3 6 10 | 10.0
Dodging        | 8 9 15 | 15.0
Shields        | 3 4 |  4.5
Summonings     | 4 10 | 10.5

Action                   |  1- 3 |  4- 6 |  7- 9 | 10-12 | 13-15 || total
-------------------------+-------+-------+-------+-------+-------++-------
Melee: Dagger            |   124 |   253 |   350 |    10 |       ||   737
       Short sword       |       |       |       |   520 |   785 ||  1305
 Cast: Ensorcelled Hiber |    30 |    51 |   119 |   189 |   243 ||   632
       Corona            |     2 |     4 |     1 |    21 |    15 ||    43
       Confuse           |       |    16 |    17 |    37 |    37 ||   107
       Dazzling Spray    |       |       |       |    35 |    20 ||    55
       Invisibility      |       |       |       |     3 |    27 ||    30
       Summon Mana Viper |       |       |       |       |     2 ||     2
Invok: Call Merchant     |       |       |       |       |     2 ||     2
Evoke: Wand              |       |     3 |     4 |       |     9 ||    16
  Use: Scroll            |       |       |       |     9 |    11 ||    20
 Stab: Sleeping          |    31 |    23 |    69 |   124 |   140 ||   387
       Distracted        |     1 |     1 |     4 |     4 |     2 ||    12
       Confused          |       |    13 |    10 |    35 |    17 ||    75
       Invisible         |       |       |       |    22 |   111 ||   133
  Eat: Ration            |       |     4 |     6 |     7 |    13 ||    30
Armor: Robe              |    23 |    13 |    23 |    11 |    13 ||    83
Dodge: Dodged            |    89 |   176 |   258 |   435 |   669 ||  1627
Block: Other             |       |       |       |       |    24 ||    24
       Reflection        |       |       |       |       |     2 ||     2
